 Dungeon Crawl Stone Soup version 0.27-a0-1049-g450f9b2e0d (webtiles) character file.

Game seed: 5569896569886003186

2732 wakim the Spear-Bearer (level 9, 0/71 HPs)
             Began as a Merfolk Gladiator on Apr 20, 2021.
             Was a Priest of Yredelemnul.
             Killed from afar by an electric eel (7 damage)
             ... with a bolt of electricity
             ... on level 7 of the Dungeon.
             The game lasted 00:20:42 (10132 turns).

wakim the Spear-Bearer (Merfolk Gladiator)         Turns: 10132, Time: 00:20:43

Health: 0/71       AC:  9    Str: 14    XL:     9   Next: 67%
Magic:  0/9        EV: 19    Int: 10    God:    Yredelemnul [***...]
Gold:   1361       SH:  4    Dex: 16    Spells: 8/8 levels left

rFire    . . .     SeeInvis .   r - +2 trident (protect)
rCold    . . .     Faith    .   a - +0 buckler
rNeg     + . .     Spirit   +   j - +0 ring mail
rPois    .         Reflect  .   c - +1 helmet
rElec    .         Harm     .   w - +0 cloak
rCorr    .         Rampage  .   (no gloves)
Will     .....                  z - +0 pair of boots
Stlth    +.........             b - amulet of guardian spirit
HPRegen  0.21/turn              q - +4 ring of evasion
MPRegen  0.11/turn              m - ring of positive energy

@: about to teleport, studying Ice Magic
A: (nimble swimmer 2), mertail
a: Renounce Religion, Recall Undead Slaves, Injury Mirror, Animate Dead


You were on level 7 of the Dungeon.
You worshipped Yredelemnul.
Yredelemnul was most pleased with you.
You visited 2 branches of the dungeon, and saw 8 of its levels.
You also visited: Ossuary.

You collected 1361 gold pieces.

Inventory:

Hand Weapons
 r - a +2 trident of protection (weapon)
Missiles
 d - 3 throwing nets {=f!f}
 y - 3 poisoned darts (quivered)
Armour
 a - a +0 buckler (worn)
 c - a +1 helmet (worn)
 j - a +0 ring mail (worn)
 w - a +0 cloak (worn)
 z - a +0 pair of boots (worn)
Jewellery
 b - an amulet of guardian spirit (around neck)
 h - a ring of willpower
 m - a ring of positive energy (right hand)
 o - a ring of magical power
 q - a +4 ring of evasion (left hand)
Wands
 t - a wand of digging (10)
 x - a wand of iceblast (4)
Scrolls
 l - 3 scrolls of enchant armour
 v - a scroll of enchant weapon
Potions
 e - a potion of might {unknown}
 f - a potion of berserk rage {unknown}
 g - a potion of resistance {unknown}
 i - 2 potions of attraction {unknown}
 k - a potion of magic {unknown}
 n - a potion of lignification {unknown}
 p - 3 potions of curing
 u - 3 potions of mutation {unknown}
 A - a potion of brilliance {unknown}
 G - a potion of flight
 H - 3 potions of haste
 I - 2 potions of invisibility
 J - 3 potions of heal wounds


   Skills:
 + Level 6.6 Fighting
 * Level 12.1 Polearms
 - Level 2.0 Throwing
 + Level 11.2 Dodging
 * Level 0.6 Shields


You had 8 spell levels left.
You didn't know any spells.
Your spell library contained the following spells:

 Spells                   Type           Power      Damage    Failure   Level
 Animate Skeleton         Necr           0%         N/A       77%         1
 Corona                   Hex            0%         N/A       77%         1
 Magic Dart               Conj           0%         1d3       77%         1
 Pain                     Necr           0%         1d4       77%         1
 Summon Small Mammal      Summ           0%         N/A       77%         1
 Call Imp                 Summ           0%         N/A       88%         2
 Ensorcelled Hibernation  Hex/Ice        0%         N/A       88%         2
 Searing Ray              Conj           0%         3d3       88%         2
 Call Canine Familiar     Summ           0%         N/A       98%         3
 Confusing Touch          Hex            0%         N/A       98%         3
 Dazzling Flash           Conj/Hex       0%         N/A       98%         3
 Summon Guardian Golem    Hex/Summ       0%         N/A       98%         3
 Tukima's Dance           Hex            0%         N/A       98%         3
 Vampiric Draining        Necr           0%         2d6       98%         3
 Animate Dead             Necr           0%         N/A       100%        4
 Fulminant Prism          Conj/Hex       0%         3d6       100%        4
 Iskenderun's Mystic Bla  Conj/Tloc      0%         2d3       100%        4
 Summon Ice Beast         Ice/Summ       0%         N/A       100%        4
 Summon Lightning Spire   Summ/Air       0%         N/A       100%        4
 Agony                    Necr           0%         N/A       100%        5


Dungeon Overview and Level Annotations

Branches:
Dungeon (7/15)             Temple (1/1) D:5         Ossuary (visited)

Altars:
Cheibriados
Ru
Yredelemnul


Innate Abilities, Weirdness & Mutations

((You are quick and stealthy near water. (Stealth+, EV+, Speed+++)))
Your lower body shifts to a powerful aquatic tail in water.


Message History

Your +0 pair of boots melds into your body.
The electric eel shoots out a bolt of lightning at you!
The bolt of electricity hits the electric eel.
The electric eel completely resists.
The bolt of electricity misses you.
The electric eel shoots out a bolt of lightning at you!
The bolt of electricity misses you.
Your +0 pair of boots unmelds from your body.
The electric eel shoots out a bolt of lightning at you!
The bolt of electricity hits the electric eel.
The electric eel completely resists.
The bolt of electricity hits you.
The electric eel shoots out a bolt of lightning at you!
The bolt of electricity hits you!
Your legs become a tail as you enter the water.
Your +0 pair of boots melds into your body.
Your +0 pair of boots unmelds from your body.
An electric eel comes into view.
The electric eel shoots out a bolt of lightning at you!
The bolt of electricity hits you.
The electric eel shoots out a bolt of lightning at you!
The bolt of electricity hits you.
The electric eel shoots out a bolt of lightning at you!
The bolt of electricity hits you!
* * * LOW HITPOINT WARNING * * *
The electric eel shoots out a bolt of lightning at you!
The bolt of electricity hits you.
* * * LOW HITPOINT WARNING * * *
The electric eel shoots out a bolt of lightning at you!
The bolt of electricity hits you!
* * * LOW HITPOINT WARNING * * *
As you read the scroll of teleportation, it crumbles to dust.
You feel strangely unstable.
The electric eel shoots out a bolt of lightning at you!
The bolt of electricity hits you!
* * * LOW HITPOINT WARNING * * *
An electric eel comes into view.
The electric eel shoots out a bolt of lightning at you!
The bolt of electricity hits the electric eel.
The electric eel completely resists.
The bolt of electricity hits you!
You die...
Your body rises from the dead as a mindless zombie.

######################
≈...≈....≈≈≈≈...≈.≈..#
≈(;;;;≈≈≈≈≈≈≈≈≈≈≈≈≈≈.#
≈≈≈♣♣♣≈.≈♣♣♣≈≈≈♣♣♣≈≈.# ≈
♣≈≈≈♣ ♣≈.≈♣ ♣≈≈.#
≈.≈♣♣♣≈≈≈♣♣♣≈.≈♣♣♣≈≈.#
≈≈≈≈≈≈≈.≈≈≈≈≈.≈≈≈≈≈..###
≈.≈≈≈.....@....≈.≈≈≈...#
≈≈≈≈≈≈≈≈≈≈≈≈≈.≈≈≈≈≈≈.#.#
≈.≈♣♣♣≈≈≈♣♣♣≈≈≈♣♣♣≈≈.#.###
≈≈≈ ♣≈≈≈♣ ♣≈≈≈♣ ♣≈≈M....#
≈≈ ♣≈≈≈♣♣♣≈.≈♣♣♣≈≈##.#.#
≈;≈≈≈≈≈≈≈.≈≈≈≈≈.##<#.#
≈.;.....≈≈..†≈.≈.##.#.#
≈≈≈≈.≈≈≈≈≈.≈≈≈≈≈.##.#.#
♣≈.≈♣♣♣≈.≈♣♣♣≈.......


You could see 4 electric eels.

Vanquished Creatures
  Eustachio (D:6)
  Edmund (D:6)
  A water moccasin (D:5)
  2 sky beasts
  3 ogres
  3 black bears
  A phantom (D:4)
  2 kobold brigands (D:6)
  A bullfrog (D:6)
  2 gnoll sergeants (D:6)
  A wyvern zombie (D:6)
  2 scorpions (D:6)
  6 water moccasin zombies (Ossuary)
  A water moccasin skeleton (D:6)
  An electric eel (D:7)
  A bullfrog zombie (D:6)
  A hound (D:6)
  Crazy Yiuf (D:3)
  3 jellies
  A gnoll shaman (D:4)
  2 orc priests (D:5)
  A centaur skeleton (D:5)
  An iguana (D:6)
  2 hound skeletons
  2 mummies (Ossuary)
  6 adders
  9 gnolls
  A shadow imp (D:6)
  An ufetubus (D:6)
  2 adder zombies (Ossuary)
  4 worms
  9 orcs
  3 endoplasms
  5 giant cockroaches
  8 goblins
  6 hobgoblins
  3 jackals (D:4)
  11 kobolds
  4 quokkas
  5 ball pythons
  2 bats
  4 frilled lizards
  5 gnoll zombies (Ossuary)
  4 hobgoblin zombies (Ossuary)
  9 kobold zombies (Ossuary)
  7 orc zombies (Ossuary)
  3 rats
154 creatures vanquished.

Vanquished Creatures (collateral kills)
  An electric eel (D:7)
  A gnoll (D:7)
  A shadow imp (D:7)
3 creatures vanquished.

Vanquished Creatures (others)
  A sky beast zombie (D:6)
  4 plants (D:3)
5 creatures vanquished.

Grand Total: 162 creatures vanquished

Notes
Turn   | Place    | Note
-------+----------+-------------------------------------------
     0 | D:1      | wakim the Merfolk Gladiator began the quest for the Orb.
     0 | D:1      | Reached XP level 1. HP: 16/16 MP: 1/1
   159 | D:1      | Reached XP level 2. HP: 23/23 MP: 2/2
   622 | D:1      | Found a faded altar of an unknown god.
   625 | D:1      | Became a worshipper of Yredelemnul the Dark
   625 | D:1      | Reached * piety under Yredelemnul
   697 | D:2      | Reached skill level 5 in Polearms
   697 | D:2      | Reached XP level 3. HP: 24/28 MP: 3/3
  1456 | D:2      | Reached skill level 5 in Dodging
  1848 | D:3      | Reached XP level 4. HP: 10/34 MP: 4/4
  2552 | D:3      | Reached ** piety under Yredelemnul
  2995 | D:3      | Found a runed translucent door.
  2996 | D:3      | Noticed Crazy Yiuf
  3103 | D:3      | Reached skill level 6 in Polearms
  3157 | D:3      | Found a sacrificial altar of Ru.
  3464 | D:4      | Reached XP level 5. HP: 37/41 MP: 5/5
  3499 | D:4      | Noticed an ogre
  3931 | D:4      | Noticed a black bear
  3972 | D:4      | Noticed a phantom
  4321 | D:4      | Killed a phantom
  4322 | D:4      | Reached skill level 7 in Polearms
  4322 | D:4      | Reached XP level 6. HP: 31/47 MP: 6/6
  4588 | D:5      | Entered Level 5 of the Dungeon
  4588 | D:5      | Noticed a black bear
  4669 | D:5      | Identified a scroll of acquirement
  4669 | D:5      | Acquired 992 gold pieces
  4708 | D:5      | Noticed a sky beast
  4752 | D:5      | Killed a sky beast
  4974 | D:5      | Noticed a black bear
  5041 | D:5      | Killed a black bear
  5042 | D:5      | Reached skill level 8 in Polearms
  5042 | D:5      | Reached XP level 7. HP: 37/54 MP: 7/7
  6095 | D:5      | Found a staircase to the Ecumenical Temple.
  6101 | Temple   | Entered the Ecumenical Temple
  6160 | D:6      | Noticed Eustachio
  6348 | D:6      | Reached skill level 9 in Polearms
  6375 | D:6      | Found a sand-covered staircase.
  6383 | Ossuary  | Entered an ossuary
  6432 | Ossuary  | Reached *** piety under Yredelemnul
  6446 | Ossuary  | Reached XP level 8. HP: 42/61 MP: 6/8
  6742 | Ossuary  | Reached skill level 5 in Fighting
  7119 | D:3      | Killed Crazy Yiuf
  7120 | D:3      | Reached skill level 10 in Polearms
  7866 | D:5      | Reached skill level 10 in Dodging
  8030 | D:6      | Reached XP level 9. HP: 50/69 MP: 6/9
  8172 | D:6      | Reached skill level 11 in Polearms
  8180 | D:6      | Noticed Edmund
  8196 | D:6      | Killed Edmund
  8689 | D:6      | Killed Eustachio
  9618 | D:6      | Reached skill level 12 in Polearms
  9833 | D:6      | Received a gift from Yredelemnul (a mummy)
 10132 | D:7      | Killed from afar by an electric eel

Illustrated notes

Levels and vault maps discovered:
D:1:      ncdulo_smallfort, layout_basic,
          hellmonk_ecumenical_altar_heavens_door, amethyst_killhole
D:2:      layout_basic, serial_park_tiny_pond, minmay_puff
D:3:      cheibrodos_old_hovel, layout_loops_ring,
          nicolae_ru_the_path_less_chosen, dk_noncrumbling_3, roderic_lattice_a,
          uniq_crazy_yiuf_cottage
D:4:      layout_loops_ring, grunt_decor_junction
D:5:      layout_layer_cave, minmay_temple_entry_enclosed_plants, chequers_jeans
D:6:      cheibrodos_helix_gallery, layout_basic, enter_ossuary_1,
          minmay_manual_maat, uniq_eustachio, uniq_edmund
D:7:      layout_loops_ring, kennysheep_boxes
Temple:   minmay_crystal_snake_temple

Skill      XL: |  1  2  3  4  5  6  7  8  9 |
---------------+----------------------------+-----
Polearms       | 5 6 7 8 9 10 12 | 12.1
Dodging        | 5 6 7 8 10 11 | 11.2
Fighting       | 3 4 5 6 |  6.6
Throwing       | |  2.0
Shields        | |  0.6

Action                   |  1- 3 |  4- 6 |  7- 9 || total
-------------------------+-------+-------+-------++-------
Melee: Trident           |   141 |   160 |   511 ||   812
Throw: Dart              |       |       |    27 ||    27
Invok: Recall Undead Sla |       |       |     1 ||     1
       Animate Dead      |       |       |     1 ||     1
Evoke: Wand              |       |       |     4 ||     4
  Use: Scroll            |     3 |     7 |     5 ||    15
 Stab: Sleeping          |     1 |     1 |       ||     2
Armor: Leather armour    |    20 |    25 |     1 ||    46
       Ring mail         |       |       |   101 ||   101
Dodge: Dodged            |    82 |    87 |   402 ||   571
Block: Buckler           |       |       |     1 ||     1

Table legend: (Time is in decaauts)
 A = Elapsed time spent in this place.
 B = Non-inter-level travel time spent in this place.
 C = Inter-level travel time spent in this place.
 D = Time resting spent in this place.
 E = Time spent auto-exploring this place.
 F = Levels seen in this place.
 G = Mean time per level.
                   A        B        C        D        E       F      G
               +--------+--------+--------+--------+--------+-----+--------+
         Total |  10023 |   9383 |    640 |    463 |   6982 |   9 | 1113.7 |
       Dungeon |   9526 |   8886 |    640 |    463 |   6673 |   7 | 1360.9 |
        Temple |      1 |      1 |      0 |      0 |      0 |   1 |    1.0 |
       Ossuary |    495 |    495 |      0 |      0 |    309 |   1 |  495.0 |
               +--------+--------+--------+--------+--------+-----+--------+

Top non-repeatable levels by time:
     D:5: 2014 daAuts
     D:6: 1966 daAuts
     D:3: 1923 daAuts
     D:4: 1425 daAuts
     D:2: 1236 daAuts
     D:1: 668 daAuts
 Ossuary: 495 daAuts
     D:7: 292 daAuts
  Temple: 1 daAuts
